[Event "ICC tourney 2067 (45 10)"]
[Site "Internet Chess Club"]
[Date "2020.10.17"]
[Round "5"]
[White "incredibleking"]
[Black "Threehundreds"]
[Result "1-0"]
[ICCResult "Black resigns"]
[WhiteElo "1651"]
[BlackElo "1437"]
[Opening "Réti: King's Indian attack"]
[ECO "A05"]
[NIC "QP.11"]
[Time "21:01:47"]
[TimeControl "2700+10"]

1. Nf3 Nf6 2. g3 g6 3. Bg2 Bg7 4. O-O O-O 5. d3 d5 6. Nbd2 c5 7. b3 Nc6 8.
Bb2 b6 9. c4 dxc4 10. Ne5 Nxe5 11. Bxe5 Bg4 12. Nxc4 Rc8 13. Bb7 Bh3 14. Re1
Ra8 15. Bxa8 Qxa8 16. e4 Rd8 17. Qe2 Qc6 18. Rac1 Qe6 19. Bb2 Bh6 20. Rcd1
Bg7 21. d4 cxd4 22. Rxd4 Rxd4 23. Bxd4 h6 24. f3 h5 25. Qb2 Qc6 26. Ne5 Qb5
27. a4 Qa6 28. Rd1 Qb7 29. Qc3 Be6 30. Nc6 Qa6 31. Nxe7+ {Black resigns} 1-0

[Event "ICC tourney 2067 (45 10)"]
[Site "Internet Chess Club"]
[Date "2020.10.17"]
[Round "5"]
[White "danaglin"]
[Black "sillytiger"]
[Result "0-1"]
[ICCResult "White checkmated"]
[WhiteElo "1613"]
[BlackElo "1377"]
[Opening "Sicilian: closed"]
[ECO "B23"]
[NIC "SI.44"]
[Time "21:02:13"]
[TimeControl "2700+10"]

1. e4 c5 2. Nc3 d6 3. f4 Nf6 4. Nf3 g6 5. Bc4 Bg7 6. O-O O-O 7. d3 Nc6 8.
Qe1 Bd7 9. Qg3 a6 10. Bb3 Qb6 11. Kh1 Na5 12. a3 Nxb3 13. cxb3 Qxb3 14. Nh4
Nh5 15. Qf2 Bxc3 16. bxc3 Qxc3 17. Bb2 Qxd3 18. e5 Ng7 19. Rad1 Qb5 20. exd6
exd6 21. Rxd6 Be6 22. h3 c4 23. Qd4 c3 24. Bxc3 Qxf1+ 25. Kh2 f6 26. Qb6
Qxf4+ 27. Kh1 Qxh4 28. Qxb7 Rab8 29. Qxa6 Rb1+ 30. Kh2 Qf4+ 31. g3 Qf2#
{White checkmated}
0-1

[Event "ICC tourney 2067 (45 10)"]
[Site "Internet Chess Club"]
[Date "2020.10.17"]
[Round "5"]
[White "SanthoshA"]
[Black "landonp"]
[Result "1-0"]
[ICCResult "Black checkmated"]
[WhiteElo "1550"]
[BlackElo "1340"]
[Opening "Giuoco Piano"]
[ECO "C54"]
[NIC "IG.02"]
[Time "21:01:52"]
[TimeControl "2700+10"]

1. e4 e5 2. Nf3 Nc6 3. Bc4 Bc5 4. c3 Nf6 5. d4 exd4 6. e5 d5 7. Bb5 Ne4 8.
Bxc6+ bxc6 9. cxd4 Bb6 10. O-O Bg4 11. Nc3 O-O 12. Qd3 Re8 13. Rd1 Bf5 14.
Qe2 f6 15. Bf4 Rb8 16. Bg3 Ba5 17. Nxe4 Bxe4 18. b3 Qc8 19. Rac1 Qe6 20. Nd2
Bg6 21. f4 fxe5 22. fxe5 Bb6 23. Nf3 Qg4 24. Rxc6 Bf5 25. Bf2 Be4 26. h3 Qh5
27. Rc3 Rf8 28. Kh2 Rf7 29. Rf1 Rbf8 30. Bg1 Qf5 31. Kh1 Ba5 32. Re3 Bb6 33.
Rc3 Ba5 34. b4 Bxb4 35. Rb3 Ba5 36. Nd2 Qxh3+ 37. Rxh3 Bxd2 38. Rxf7 Rxf7
39. Qxd2 Rf1 40. Qb4 Ra1 41. Qe7 Bg6 42. Rf3 Rxa2 43. Qd8+ Be8 44. Qxe8#
{Black checkmated}
1-0

[Event "ICC tourney 2067 (45 10)"]
[Site "Internet Chess Club"]
[Date "2020.10.17"]
[Round "5"]
[White "meghna"]
[Black "shanmukha123"]
[Result "0-1"]
[ICCResult "White checkmated"]
[WhiteElo "1960"]
[BlackElo "1960"]
[Opening "Caro-Kann: Tartakower (Nimzovich) variation"]
[ECO "B15"]
[NIC "CK.06"]
[Time "21:01:53"]
[TimeControl "2700+10"]

1. e4 c6 2. d4 d5 3. Nc3 dxe4 4. Nxe4 Nf6 5. Nxf6+ exf6 6. c3 Bd6 7. Nf3 O-O
8. Bd3 Re8+ 9. Be3 Bf4 10. Qd2 Qe7 11. Ke2 Bg4 12. Rae1 Bxe3 13. fxe3 Nd7
14. Kd1 Qe6 15. b3 Nb6 16. Qc2 g6 17. h3 Bxf3+ 18. gxf3 Nd5 19. e4 Nf4 20.
Bc4 Qd6 21. Kc1 a5 22. h4 b5 23. Bf1 b4 24. cxb4 Qxd4 25. Kb1 axb4 26. Bc4
Rad8 27. Rd1 Qe3 28. Rhf1 Kg7 29. Kb2 Rxd1 30. Qxd1 Ne6 31. Bxe6 Rxe6 32. h5
Re5 33. hxg6 hxg6 34. Rh1 Rg5 35. Kb1 Rg2 36. Qc1 Qd3+ 37. Ka1 g5 38. Rd1
Qe2 39. Qb1 Qxf3 40. Qd3 Qf2 41. Qb1 Qc5 42. Qc1 Qe5+ 43. Kb1 Qxe4+ 44. Ka1
Qe2 45. Qb1 Qe5+ 46. Qb2 Qxb2# {White checkmated} 0-1

[Event "ICC tourney 2067 (45 10)"]
[Site "Internet Chess Club"]
[Date "2020.10.17"]
[Round "5"]
[White "VincentT2008"]
[Black "kevinsun"]
[Result "1-0"]
[ICCResult "Black checkmated"]
[WhiteElo "1803"]
[BlackElo "1122"]
[Opening "King's Indian: Sämisch, orthodox, 7.d5 c6"]
[ECO "E88"]
[NIC "KI.39"]
[Time "21:01:47"]
[TimeControl "2700+10"]

1. d4 Nf6 2. c4 g6 3. Nc3 Bg7 4. e4 d6 5. f3 O-O 6. Be3 e5 7. d5 c6 8. Qd2
cxd5 9. cxd5 Nbd7 10. Nge2 Nc5 11. g4 Bd7 12. Ng3 Rc8 13. h4 Na4 14. Rc1
Nxc3 15. bxc3 Qa5 16. h5 b5 17. g5 Nxh5 18. Nxh5 gxh5 19. Rxh5 b4 20. c4 Qa3
21. Bh3 Bxh3 22. Rxh3 b3 23. axb3 Qxb3 24. Qe2 Rb8 25. Kf2 a5 26. Rch1 a4
27. Rxh7 Qb2 28. Bd2 a3 29. Kg3 Rfc8 30. Qh2 Kf8 31. g6 a2 32. Rh8+ Bxh8 33.
Qxh8+ Ke7 34. Bg5+ Kd7 35. Qf6 Rc7 36. gxf7 a1=Q 37. Qe6# {Black checkmated}
1-0

[Event "ICC tourney 2067 (45 10)"]
[Site "Internet Chess Club"]
[Date "2020.10.17"]
[Round "5"]
[White "Khammurabi"]
[Black "KittiesRock18"]
[Result "0-1"]
[ICCResult "White resigns"]
[WhiteElo "1519"]
[BlackElo "1567"]
[Opening "Sicilian: Smith-Morra gambit"]
[ECO "B21"]
[NIC "SI.48"]
[Time "21:02:41"]
[TimeControl "2700+10"]

1. e4 c5 2. d4 cxd4 3. c3 dxc3 4. Nxc3 e6 5. Bc4 Bc5 6. Nge2 a6 7. Bb3 Nf6
8. f3 d6 9. Bg5 Nc6 10. Qd2 O-O 11. O-O-O b5 12. g4 Ne5 13. Rdf1 Bb7 14. Ng3
h6 15. h4 hxg5 16. hxg5 Nh7 17. g6 Nxg6 18. Qh2 Be3+ 19. Kb1 Bh6 20. Nh5 Ng5
21. Bc2 b4 22. f4 bxc3 23. Nxg7 Qb6 24. b3 Qc5 25. Nf5 exf5 26. Ka1 Bxe4 27.
fxg5 Bxh1 28. Qxh6 Qa3 29. Rb1 Rab8 30. gxf5 Rb5 31. f6 Qxa2+ {White
resigns} 0-1

[Event "ICC tourney 2067 (45 10)"]
[Site "Internet Chess Club"]
[Date "2020.10.17"]
[Round "5"]
[White "fascimate"]
[Black "Almanac2050"]
[Result "0-1"]
[ICCResult "White checkmated"]
[WhiteElo "1686"]
[BlackElo "1621"]
[Opening "French: Tarrasch, closed variation"]
[ECO "C05"]
[NIC "FR.17"]
[Time "21:01:50"]
[TimeControl "2700+10"]

1. e4 e6 2. d4 d5 3. Nd2 Nf6 4. e5 Nfd7 5. Bd3 c5 6. c3 Nc6 7. Ne2 Qb6 8.
Nf3 Be7 9. O-O f6 10. exf6 Nxf6 11. Rb1 O-O 12. h3 cxd4 13. Nexd4 Nxd4 14.
Nxd4 e5 15. Nb3 Bd7 16. Be3 Qc7 17. Qe2 Bc6 18. Rfe1 Bd6 19. Bc5 Bxc5 20.
Nxc5 Rae8 21. Bf5 Qd6 22. Nb3 g6 23. Bc2 Nh5 24. Rbd1 Nf4 25. Qd2 Qf6 26.
Kh2 Nxg2 27. Rf1 Nh4 28. Qe3 Nf3+ 29. Kg2 d4 30. Qe2 Qg5+ 31. Kh1 Ng1+ 32.
Qe4 Bxe4+ 33. Bxe4 Nxh3 34. Bd5+ Kh8 35. Nc5 Nxf2+ 36. Kh2 Rf4 37. Be6 Rh4+
38. Bh3 Rxh3# {White checkmated} 0-1

[Event "ICC tourney 2067 (45 10)"]
[Site "Internet Chess Club"]
[Date "2020.10.17"]
[Round "5"]
[White "ybabji"]
[Black "wangfang75"]
[Result "1/2-1/2"]
[ICCResult "Game drawn by mutual agreement"]
[WhiteElo "1816"]
[BlackElo "1842"]
[Opening "Giuoco Piano"]
[ECO "C54"]
[NIC "IG.02"]
[Time "21:01:45"]
[TimeControl "2700+10"]

1. e4 e5 2. Nf3 Nc6 3. Bc4 Bc5 4. c3 Nf6 5. d3 d6 6. Bb3 h6 7. h3 O-O 8.
Nbd2 Bb6 9. Qe2 a5 10. Nf1 Ne7 11. g4 a4 12. Bc2 Nd7 13. Ng3 Ng6 14. Nf5 Nf4
15. Bxf4 exf4 16. Qd2 Ne5 17. Qxf4 Ng6 18. Qg3 a3 19. b3 Qf6 20. Kd2 Rd8 21.
h4 Qe6 22. h5 Ne7 23. Rag1 f6 24. N3d4 Qf7 25. b4 d5 26. Bb3 c6 27. Rg2 Bxd4
28. cxd4 Be6 29. Nxe7+ Qxe7 30. Kc3 dxe4 31. Qe3
{Game drawn by mutual agreement}
1/2-1/2

[Event "ICC tourney 2067 (45 10)"]
[Site "Internet Chess Club"]
[Date "2020.10.17"]
[Round "5"]
[White "ScoutViolet"]
[Black "Eeshaan16"]
[Result "0-1"]
[ICCResult "White resigns"]
[WhiteElo "1633"]
[BlackElo "1927"]
[Opening "Sicilian: Kan, 5.Nc3"]
[ECO "B43"]
[NIC "SI.41"]
[Time "21:01:48"]
[TimeControl "2700+10"]

1. e4 c5 2. Nf3 e6 3. d4 cxd4 4. Nxd4 a6 5. Nc3 b5 6. a3 Bb7 7. Be3 Qc7 8.
Be2 Nf6 9. f3 d5 10. exd5 Nxd5 11. Nxd5 Bxd5 12. O-O Bc5 13. Bf2 O-O 14. Rc1
Bd6 15. h3 Bf4 16. Rb1 Nd7 17. Re1 Rac8 18. Bd3 Nb6 19. Ne2 Bh2+ 20. Kh1 Be5
21. b3 Rfd8 22. Be3 Nd7 23. Qd2 Nc5 24. Rec1 Qd7 25. f4 Bf6 26. Kg1 Qb7 27.
Ng3 Bh4 28. Nf1 Be4 29. Bxe4 Nxe4 30. Qe2 Nc3 31. Qg4 Nxb1 32. Qxh4 Nc3 33.
Qe1 Na2 34. Rd1 Rxd1 35. Qxd1 h6 36. Bd4 Qe4 37. Ne3 Nc3 38. Bxc3 Qxe3+
{White resigns}
0-1

[Event "ICC tourney 2067 (45 10)"]
[Site "Internet Chess Club"]
[Date "2020.10.17"]
[Round "5"]
[White "chessboy2020"]
[Black "Luc2008"]
[Result "0-1"]
[ICCResult "White resigns"]
[WhiteElo "1609"]
[BlackElo "1699"]
[Opening "Scandinavian (center counter) defense"]
[ECO "B01"]
[NIC "SD.01"]
[Time "21:01:51"]
[TimeControl "2700+10"]

1. e4 d5 2. exd5 Qxd5 3. Nc3 Qa5 4. Nf3 Nf6 5. d4 c6 6. Bd2 Bf5 7. Bc4 e6 8.
O-O Be7 9. Nd5 Qd8 10. Nxe7 Qxe7 11. a3 c5 12. Bb3 Nc6 13. dxc5 Qxc5 14. Be3
Qe7 15. Qe2 O-O 16. Rfd1 Rfd8 17. Bg5 Rxd1+ 18. Rxd1 Rd8 19. Rxd8+ Qxd8 20.
Qd2 Qxd2 21. Bxd2 Be4 22. Be3 Ng4 23. Bc5 Bxf3 24. gxf3 Nge5 25. Kg2 b6 26.
Bd6 Ng6 27. Ba4 Nd4 28. c3 Nf5 29. Bg3 Nxg3 30. fxg3 Ne5 31. f4 Nc4 32. b4
Nxa3 33. Bb3 Nb5 34. c4 Nd4 35. Ba4 a6 36. Bd7 Kf8 37. c5 bxc5 38. bxc5 Ke7
39. Ba4 Nb5 40. Bc2 g6 41. Be4 a5 42. Kf2 Kd7 43. Ke3 f5 44. Bc2 Kc6 45. Bb3
Kxc5 46. Bxe6 a4 47. Kd3 Kb4 48. Bg8 h6 49. Kc2 Nd4+ 50. Kb2 g5 51. fxg5
hxg5 52. h4 f4 53. gxf4 a3+ 54. Ka2 gxh4 55. Bd5 Ne2 56. Ka1 Nxf4 57. Be4 h3
58. Bh1 Ng2 59. Ka2 Kc3 60. Kxa3 Kd2 61. Kb3 Ke2 62. Kc3 Kf2 63. Kd2 Kg1 64.
Ke2 Kxh1 65. Kf2 {White resigns} 0-1

[Event "ICC tourney 2067 (45 10)"]
[Site "Internet Chess Club"]
[Date "2020.10.17"]
[Round "5"]
[White "orwind"]
[Black "adwaysane"]
[Result "1/2-1/2"]
[ICCResult "Game drawn by mutual agreement"]
[WhiteElo "1498"]
[BlackElo "1659"]
[Opening "Ruy Lopez: Schliemann defense"]
[ECO "C63"]
[NIC "RL.06"]
[Time "21:01:47"]
[TimeControl "2700+10"]

1. e4 e5 2. Nf3 Nc6 3. Bb5 f5 4. Bxc6 dxc6 5. Nxe5 Qd4 6. Nf3 Qxe4+ 7. Qe2
Qxe2+ 8. Kxe2 Bd6 9. Nc3 Nf6 10. Re1 O-O 11. Kf1 Bd7 12. d4 c5 13. dxc5 Bxc5
14. Be3 Bb4 15. Bd2 Bd6 16. Kg1 Rfe8 17. Rad1 h6 18. Be3 Kf7 19. h3 a6 20.
Nd4 Bb4 21. Bd2 Rxe1+ 22. Rxe1 Re8 23. Rxe8 Kxe8 24. a3 Bd6 25. Kf1 c5 26.
Nf3 Kf7 27. Ke2 f4 28. Nd1 Bf5 29. c4 Bc7 30. Nc3 Be6 31. b3 Bf5 32. b4 cxb4
33. axb4 g5 34. Nd4 Bd7 {Game drawn by mutual agreement} 1/2-1/2

[Event "ICC tourney 2067 (45 10)"]
[Site "Internet Chess Club"]
[Date "2020.10.17"]
[Round "5"]
[White "LoopyLoop"]
[Black "wahoo"]
[Result "1-0"]
[ICCResult "Black checkmated"]
[WhiteElo "1631"]
[BlackElo "1742"]
[Opening "Giuoco Piano"]
[ECO "C54"]
[NIC "IG.02"]
[Time "21:01:56"]
[TimeControl "2700+10"]

1. e4 e5 2. Nf3 Nc6 3. Bc4 Bc5 4. c3 Nf6 5. d3 O-O 6. O-O d6 7. Nbd2 Bb6 8.
Re1 Bg4 9. Nf1 a6 10. Bb3 h6 11. Ng3 Re8 12. h3 Bd7 13. Nh4 Ng4 14. Ngf5
Bxf5 15. Nxf5 Nxf2 16. Qh5 Qf6 17. d4 Nd3 18. Rf1 Nxc1 19. Raxc1 Rf8 20. Nh4
Qg5 21. Qxg5 hxg5 22. Ng6 Rfd8 23. Bxf7+ Kh7 24. Rf5 exd4 25. Rxg5 dxc3+ 26.
Kh2 Be3 27. Rh5+ Bh6 28. Rxc3 Rd7 29. Rf3 Rxf7 30. Rxf7 Kxg6 31. Rhf5 Nd4
32. Rf1 Ne6 33. Re7 Nc5 34. Rxc7 Nxe4 35. Rxb7 a5 36. Re7 Nc5 37. Ree1 Rb8
38. b3 Rb4 39. Rd1 Bf4+ 40. g3 Be5 41. Kg2 Re4 42. Rfe1 Rb4 43. Rd5 Nd7 44.
Rxa5 Bc3 45. Re6+ Kf7 46. Rxd6 Ke7 47. Rad5 Nf6 48. Rd3 Be5 49. Ra6 Re4 50.
Kf3 Rb4 51. Re3 Rb5 52. a4 Rd5 53. a5 Kf7 54. Ra7+ Kg6 55. a6 Bd4 56. Rb7
Bxe3 57. Kxe3 Ra5 58. a7 Ra6 59. b4 Nd5+ 60. Kd4 Nb6 61. Rxb6+ Rxb6 62. a8=Q
Rxb4+ 63. Kc3 Rb6 64. Qe4+ Kf7 65. Kd4 Rf6 66. Qb7+ Kg6 67. Ke4 Kh7 68. g4
Rh6 69. Qb3 Rh4 70. Qg3 Rh6 71. g5 Re6+ 72. Kf5 Re8 73. g6+ Kg8 74. Qb3+ Kh8
75. Qf7 Re5+ 76. Kf4 Re4+ 77. Kg3 Rg4+ 78. Kf2 Rg2+ 79. Ke3 Re2+ 80. Kd4
Rd2+ 81. Kc5 Rc2+ 82. Qc4 Rf2 83. Qh4+ Kg8 84. Qxf2 Kh8 85. Qf8#
{Black checkmated}
1-0

[Event "ICC tourney 2067 (45 10)"]
[Site "Internet Chess Club"]
[Date "2020.10.17"]
[Round "5"]
[White "psampat"]
[Black "AJ2000"]
[Result "1-0"]
[ICCResult "Black checkmated"]
[WhiteElo "1874"]
[BlackElo "1629"]
[Opening "Scotch game"]
[ECO "C45"]
[NIC "SO.05"]
[Time "21:01:47"]
[TimeControl "2700+10"]

1. e4 e5 2. Nf3 Nc6 3. d4 exd4 4. Nxd4 Bc5 5. Be3 Qf6 6. c3 Nge7 7. Bc4 O-O
8. O-O Ne5 9. Be2 d5 10. f4 N5g6 11. e5 Qb6 12. b4 Nf5 13. bxc5 Qb2 14. Qc2
Qxa1 15. Nxf5 Bxf5 16. Qb3 a5 17. a4 d4 18. Bd2 Be6 19. c4 b5 20. cxb6 Rab8
21. Na3 Rxb6 22. Nb5 Qxf1+ 23. Bxf1 c6 24. Bxa5 Rb7 25. g3 cxb5 26. axb5
Rfb8 27. Qd3 Ra8 28. Bb4 Rd7 29. Bd6 Ra1 30. f5 Rxd6 31. exd6 Ne5 32. Qe4
Nxc4 33. fxe6 Rxf1+ 34. Kxf1 Nd2+ 35. Ke2 Nxe4 36. d7 Nc3+ 37. Kd3 Na4 38.
d8=Q# {Black checkmated} 1-0

[Event "ICC tourney 2067 (45 10)"]
[Site "Internet Chess Club"]
[Date "2020.10.17"]
[Round "5"]
[White "importantheart"]
[Black "mnm1"]
[Result "0-1"]
[ICCResult "White resigns"]
[WhiteElo "1696"]
[BlackElo "1370"]
[Opening "Sicilian"]
[ECO "B50"]
[NIC "SI.01"]
[Time "21:01:46"]
[TimeControl "2700+10"]

1. e4 c5 2. Nf3 d6 3. c3 Nf6 4. Be2 e6 5. O-O Be7 6. Re1 O-O 7. Bf1 Nc6 8.
d4 cxd4 9. cxd4 Bd7 10. Nc3 Rc8 11. a3 Re8 12. Bd3 a6 13. Bc2 b5 14. Qd3 e5
15. dxe5 dxe5 16. Nd5 Be6 17. Bb3 Na5 18. Ba2 Nc4 19. Rd1 Bxd5 20. exd5 e4
21. Qe2 exf3 22. Qxf3 Bd6 23. Bxc4 Rxc4 24. Bg5 Rce4 25. Rac1 Qe7 26. g3 Qe5
27. Bf4 Qe7 28. Bxd6 Qxd6 29. Rc6 Qe5 30. d6 Rd8 31. Kg2 h6 32. b4 Rd4 33.
Rxd4 Qxd4 34. Rxa6 Rxd6 35. Rxd6 Qxd6 36. Qa8+ Kh7 37. Qb7 Qd5+ 38. Qxd5
Nxd5 {White resigns} 0-1

[Event "ICC tourney 2067 (45 10)"]
[Site "Internet Chess Club"]
[Date "2020.10.17"]
[Round "5"]
[White "awakeflood"]
[Black "Joshua1"]
[Result "1-0"]
[ICCResult "Black checkmated"]
[WhiteElo "1800"]
[BlackElo "1828"]
[Opening "Sicilian: Kan, 5.Nc3"]
[ECO "B43"]
[NIC "SI.41"]
[Time "21:01:54"]
[TimeControl "2700+10"]

1. e4 c5 2. Nf3 e6 3. d4 cxd4 4. Nxd4 a6 5. Nc3 Qc7 6. Bd3 Nf6 7. O-O Bd6 8.
f4 Bc5 9. Ne2 Qb6 10. c3 Nc6 11. Bc2 d6 12. Kh1 O-O 13. Nxc6 Qxc6 14. e5
dxe5 15. fxe5 Nd5 16. b4 Be7 17. Qd3 g6 18. Qf3 Kg7 19. a3 b5 20. a4 Bb7 21.
axb5 axb5 22. Rxa8 Bxa8 23. Be4 Qc7 24. Qh3 Rd8 25. Nd4 Qxc3 26. Rxf7+ Kxf7
27. Qxh7+ Ke8 28. Qg8+ Kd7 29. Qxe6+ Kc7 30. Nxb5+ Kb8 31. Nxc3 Nxc3 32.
Qb6+ Kc8 33. Bd3 Bb7 34. Qxg6 Ne4 35. Qg4+ Kb8 36. Bxe4 Bxe4 37. h3 Bc2 38.
Bg5 Bxg5 39. Qxg5 Rc8 40. e6 Ba4 41. b5 Bb3 42. e7 Bf7 43. Qf4+ Kb7 44. Qxf7
Rc1+ 45. Kh2 Kb6 46. e8=Q Ka5 47. Qa8+ Kb4 48. Qf4+ Kc5 49. Qc6#
{Black checkmated}
1-0

[Event "ICC tourney 2067 (45 10)"]
[Site "Internet Chess Club"]
[Date "2020.10.17"]
[Round "5"]
[White "mnm2"]
[Black "tigertiger2019"]
[Result "1-0"]
[ICCResult "Black forfeits on time"]
[WhiteElo "1324"]
[BlackElo "1631"]
[Opening "Sicilian: Prins (Moscow) variation"]
[ECO "B55"]
[NIC "SI.01"]
[Time "21:02:41"]
[TimeControl "2700+10"]

1. e4 c5 2. Nf3 d6 3. d4 cxd4 4. Nxd4 Nf6 5. f3 e5 6. Nb5 a6 7. N5a3 Be6 8.
c4 Nbd7 9. Be3 Be7 10. Nc3 Rc8 11. Rc1 O-O 12. Nd5 Bxd5 13. cxd5 Rxc1 14.
Qxc1 Nh5 15. Be2 Bh4+ 16. g3 Be7 17. O-O Nc5 18. Qc2 a5 19. Rc1 Qd7 20. Nc4
Qc7 21. Na3 b6 22. Nb5 Qb7 23. a3 Nf6 24. b4 axb4 25. axb4 Na6 26. Bd2 h6
27. Qc6 Rb8 28. Nxd6 Qxc6 29. Rxc6 Bxd6 30. Rxd6 Nc7 31. Rc6 Nce8 32. Be3
Nd7 33. Kf1 f6 34. Bb5 Kf7 35. Ke2 Ke7 36. Re6+ Kd8 37. Bxd7 Kxd7 38. Rxb6
Rxb6 39. Bxb6 Nd6 40. Bc5 Nb5 41. Kd3 g6 42. Kc4 Na3+ 43. Kd3 Nb5 44. h4 g5
45. h5 Ke8 46. Ke3 Nc3 47. f4 gxf4+ 48. gxf4 Kf7 49. fxe5 fxe5 50. Kd3 Nb5
51. Ke3 Nc3 52. Kf3 Ke8 53. Be3 {Black forfeits on time} 1-0